Map: Ephemeron LE

Players

sandboX

  • Race: Zerg Zerg
  • League: Gold
  • Spawn Location: 5:00

ELDELICIOSO - Winner!

  • Race: Terran Terran
  • League: Gold
  • Spawn Location: 11:00

VOD

Have the link to the VOD?

Description

Time

  • Played on: Aug. 20, 2019, 9:38 p.m.
  • Length: 15:58
Show
View Real Time Build Order
Export as new Build Order

sandboX Zerg 

Build Orders: Hatch First 

Get SALT Encoding   

  12  0:01  Drone  
  13  0:12  Overlord  
  13  0:21  Drone  
  14  0:30  Drone x2  
  16  0:52  Hatchery  
  16  0:57  Drone  
  16  0:59  Drone  
  16  1:02  Drone  
  18  1:08  Extractor  
  17  1:25  Spawning Pool  
  17  1:26  Drone  
  17  1:28  Drone  
  18  1:33  Drone  
  19  2:12  Zergling x8  
  23  2:25  Zergling x4  
  23  2:27  Queen  
  23  2:28  Queen  
  28  2:31  Metabolic Boost  
  27  2:40  Zergling x2  
  27  2:52  Overlord x2  
  27  3:16  Drone x5  
  32  3:25  Spore Crawler  
  31  3:28  Spore Crawler  
  30  3:51  Drone x7  
  37  4:12  Hatchery  
  36  4:22  Drone x4  
  40  4:44  Baneling Nest  
  39  4:50  Extractor  
  39  4:52  Extractor  
  37  4:58  Overlord x3  
  37  5:00  Drone x7  
  44  5:17  Overlord x2  
  44  5:19  Drone x6  
  50  5:37  Zergling x12  
  50  5:42  Baneling x5  
  56  5:43  Baneling  
  56  5:44  Baneling  
  56  5:45  Baneling  
  56  5:51  Lair  
  56  6:02  Evolution Chamber  
  56  6:03  Drone x4  
  59  6:06  Drone, Evolution Chamber  
  59  6:07  Drone  
  60  6:13  Queen  
  48  6:40  Zergling x2  
  48  6:42  Zergling x22  
  46  7:23  Hydralisk Den  
  45  7:32  Spawning Pool  
  19  8:01  Hydralisk x16  
  19  8:02  Hydralisk  
  49  8:16  Zerg Missile Weapons Level 1  
  49  8:34  Drone x6  
  55  8:47  Drone x3  
  58  8:50  Spore Crawler  
  57  9:10  Drone x7  
  57  9:11  Drone  
  53  9:29  Zergling x8  
  35  9:34  Muscular Augments  
  35  9:36  Drone x2  
  37  9:50  Drone x4  
  41  9:53  Queen  
  41  9:55  Queen  
  45  10:02  Spore Crawler, Queen  
  46  10:08  Baneling x2  
  46  10:09  Spore Crawler, Baneling x5  
  46  10:10  Baneling  
  45  10:25  Hydralisk  
  47  10:44  Extractor  
  47  10:46  Extractor  
  45  10:51  Extractor  
  45  10:53  Hydralisk x2  
  45  10:56  Zergling x14  
  55  11:16  Hydralisk  
  57  11:19  Overlord  
  57  11:20  Overlord x3  
  57  11:25  Baneling x5  
  57  11:36  Overlord  
  57  11:37  Overlord x4  
  57  11:54  Overlord  
  57  11:55  Overlord x2  
  57  11:57  Hydralisk x2  
  55  12:44  Hydralisk x2  
  55  12:45  Hydralisk x6  
  63  13:17  Zergling x2  
  63  13:18  Zergling x24  
  57  13:23  Hydralisk  
  50  13:47  Baneling x11  
  50  13:48  Baneling x5  
  48  13:51  Hydralisk  
  50  14:01  Drone x3  
  52  14:14  Zergling x2  
  52  14:15  Zergling x8  
  48  14:30  Zergling x12  
  54  14:39  Baneling x7  
  54  14:40  Baneling  
  54  14:50  Drone x4  
  49  15:09  Zergling x16  
  56  15:19  Drone x4  
  60  15:32  Baneling x4  
  60  15:33  Baneling  
  60  15:34  Hydralisk x2  
Show
View Real Time Build Order
Export as new Build Order

ELDELICIOSO Terran - Winner!

Build Orders: Reaper Expand 

Get SALT Encoding   

  12  0:07  SCV  
  13  0:14  Supply Depot  
  13  0:25  SCV  
  14  0:37  SCV  
  14  0:38  Barracks  
  14  0:42  Refinery  
  15  0:49  SCV  
  17  1:04  SCV  
  17  1:16  SCV  
  18  1:28  Reaper  
  18  1:29  Orbital Command  
  19  1:46  Command Center  
  19  1:58  Bunker  
  19  2:04  SCV  
  20  2:20  SCV  
  20  2:21  Barracks Reactor  
  21  2:24  Barracks  
  21  2:25  Refinery  
  21  2:36  SCV  
  22  2:45  Supply Depot  
  21  2:55  SCV  
  21  2:58  Marine x2  
  23  2:59  Orbital Command  
  24  3:06  Factory  
  24  3:12  Barracks Tech Lab  
  24  3:17  Marine x2  
  25  3:31  Marine  
  25  3:32  SCV, Stimpack  
  25  3:34  Marine, Orbital Command  
  27  3:35  Marine  
  29  3:44  Orbital Command  
  29  3:49  Marine  
  29  3:52  Marine x2  
  32  3:57  Factory Reactor  
  32  3:58  Starport  
  32  3:59  Orbital Command  
  32  4:07  Marine  
  33  4:10  Marine  
  33  4:15  Marine  
  35  4:17  Orbital Command  
  35  4:22  SCV  
  36  4:25  Marine  
  36  4:28  Marine  
  38  4:32  Marine  
  39  4:43  Marine  
  39  4:44  SCV x2  
  42  4:46  Marine  
  42  4:49  Bunker  
  42  4:50  Marine  
  44  4:56  SCV  
  44  4:58  Supply Depot  
  45  5:00  SCV, Supply Depot  
  45  5:02  Supply Depot  
  46  5:09  Marine  
  46  5:10  SCV, Medivac x2  
  46  5:12  SCV  
  53  5:22  SCV  
  53  5:25  SCV  
  53  5:26  Supply Depot  
  55  5:30  Marine x2  
  55  5:34  SCV  
  55  5:35  Factory Tech Lab  
  58  5:37  SCV  
  58  5:38  Command Center  
  59  5:46  SCV  
  59  5:49  SCV  
  61  5:50  Marine x2  
  61  5:51  Viking  
  61  5:53  Marine  
  66  6:05  Siege Tank  
  66  6:07  Marine  
  66  6:08  Marine, Refinery  
  66  6:11  Marine  
  71  6:14  SCV x2  
  74  6:19  Medivac  
  74  6:24  Barracks  
  76  6:25  Marine  
  76  6:26  SCV  
  77  6:36  Marine x2, Combat Shield  
  79  6:46  Marine  
  80  6:47  Siege Tank  
  80  6:54  Marine x2, Command Center  
  83  6:56  Medivac  
  86  7:04  Marine  
  87  7:12  Marine  
  87  7:14  Marine  
  88  7:17  Barracks Reactor  
  88  7:18  Orbital Command  
  88  7:21  Barracks  
  88  7:22  Marine  
  89  7:27  Refinery  
  89  7:29  Engineering Bay  
  89  7:30  Engineering Bay  
  75  7:55  Orbital Command  
  72  8:06  Orbital Command  
  72  8:09  Barracks Reactor  
  72  8:11  Barracks  
  72  8:15  SCV x2  
  68  8:23  SCV  
  68  8:27  SCV x2  
  69  8:35  SCV  
  69  8:39  SCV x2  
  69  8:40  Armory  
  72  8:41  Terran Infantry Armor Level 1, Terran Infantry Weapons Level 1  
  72  8:47  SCV  
  73  8:50  SCV  
  73  8:51  SCV x2  
  76  8:58  Supply Depot  
  76  8:59  SCV  
  76  9:02  SCV  
  78  9:03  SCV  
  78  9:04  Command Center  
  78  9:07  Siege Tank  
  80  9:10  Supply Depot  
  80  9:14  Marine  
  80  9:15  Marine x6  
  84  9:27  SCV x3  
  84  9:28  SCV  
  80  9:32  Marine x6  
  80  9:33  Marine  
  80  9:34  Viking  
  80  9:35  Medivac  
  91  9:39  Siege Tank, SCV  
  91  9:44  Command Center  
  95  9:46  Barracks Reactor, Supply Depot  
  95  9:50  Marine x5  
  100  9:53  SCV x3  
  100  9:54  Factory  
  100  9:55  Refinery x2  
  100  9:56  SCV  
  100  9:58  Drilling Claws, Terran Vehicle Weapons Level 1  
  104  10:05  SCV x3  
  107  10:07  Supply Depot  
  107  10:09  SCV  
  107  10:14  Supply Depot  
  108  10:17  SCV  
  109  10:24  Marine  
  109  10:25  Siege Tank  
  109  10:27  Marine x5, Marauder  
  120  10:29  SCV x3  
  120  10:32  Marine x2  
  125  10:48  Factory Tech Lab  
  125  10:53  Marine x2  
  125  10:54  Marine x3, Marauder  
  125  10:56  Planetary Fortress  
  132  10:57  Siege Tank  
  135  11:06  Orbital Command  
  135  11:17  Marine x2, Siege Tank, Marauder  
  142  11:18  Marine x2  
  142  11:19  Marine  
  142  11:21  Refinery  
  145  11:27  Medivac x2, Refinery  
  145  11:29  Siege Tank  
  145  11:31  SCV x3  
  145  11:32  SCV  
  156  12:16  Marine x2, Marauder  
  156  12:17  Widow Mine  
  162  12:31  Widow Mine  
  162  13:03  Widow Mine  
  162  13:07  Widow Mine  
  162  13:11  Widow Mine x2  
  156  13:17  Marine x2  
  158  13:25  Orbital Command, Widow Mine  
  160  13:28  Widow Mine  
  160  13:34  Command Center, Refinery  
  162  13:36  Refinery  
  162  13:55  Bunker  
  162  13:57  Refinery  
  162  14:01  Supply Depot  
  162  14:02  Supply Depot  
  162  14:05  Supply Depot  
  162  14:06  Widow Mine x4  
  162  14:27  Widow Mine x4  
  162  14:29  Supply Depot  
  170  14:33  Missile Turret  
  170  14:42  Command Center  
  170  14:43  Command Center  
  170  14:44  Command Center  
  170  14:47  Command Center  
  170  14:48  Widow Mine x4  
  170  14:50  Orbital Command  
  178  14:55  Command Center  
  173  15:10  Widow Mine x4  
Tags
 
Add a new tag
Caveats
  • Supply blocks, unpowered buildings, or Contaminate may cause inaccurate times.
  • Supply counts are checked every 10 seconds.